 Seeded DCSS version 0.31-a0-277-g31ea1f65cc (webtiles) character file.

Game seed: 14215367866634240820 (custom seed)

203 innerfire43 the Trooper (level 5, 0/43 HPs)
             Began as a Demonspawn Monk on July 15, 2023.
             Constricted to death by Ijyb (3 damage)
             ... on level 4 of the Dungeon.
             The game lasted 00:04:09 (2645 turns).

innerfire43 the Trooper (Demonspawn Monk)           Turns: 2645, Time: 00:04:10

Health: 0/43       AC: 11    Str: 13    XL:     5   Next: 51%
Magic:  0/5        EV: 10    Int: 11    God:
Gold:   168        SH:  0    Dex: 16    Spells: 4/4 levels left

rFire   . . .        n - +0 war axe
rCold   . . .        d - orb {light}
rNeg    . . .        b - +0 robe
rPois   .            j - +2 helmet
rElec   .            (no cloak)
rCorr   .            s - +2 pair of gloves {infuse}
SInv    .            q - +2 pair of boots
Will    .....        (no amulet)
Stlth   +            (no ring)
HPRegen 0.27/turn    (no ring)
MPRegen 0.09/turn

%: no passive effects
@: grasped by roots, glowing, constricted
A: demonic guardian 2
a: no special abilities


You were on level 4 of the Dungeon.
You visited 1 branch of the dungeon, and saw 4 of its levels.

You collected 168 gold pieces.

Inventory:

Hand Weapons
 a - a +0 hand axe
 n - a +0 war axe (weapon)
Missiles
 h - 5 silver javelins (quivered)
Armour
 b - a +0 robe (worn)
 d - an orb of light (worn)
 j - a +2 helmet (worn)
 q - a +2 pair of boots (worn)
 s - a +2 pair of gloves of infusion (worn)
Scrolls
 e - a scroll of enchant weapon {unknown}
 f - a scroll of fog {unknown}
 i - a scroll of amnesia {unknown}
 l - a scroll of poison {unknown}
 o - a scroll of torment {unknown}
 p - a scroll of teleportation {unknown}
 r - a scroll of identify {unknown}
Potions
 c - 2 potions of ambrosia
 m - a potion of berserk rage {unknown}


   Skills:
 + Level 4.3 Fighting
 + Level 3.9 Axes
 + Level 3.9 Dodging


You had 4 spell levels left.
You didn't know any spells.
Your spell library contained the following spells:

 Spells                   Type           Power      Damage    Failure   Level
 Sandblast                Erth           0%         2d4       34%         1
 Passwall                 Tmut/Erth      0%         N/A       47%         2
 Gell's Gravitas          Tloc           0%         N/A       71%         3
 Stone Arrow              Conj/Erth      0%         3d7       71%         3
 Teleport Other           Tloc           0%         N/A       71%         3
 Dispersal                Tloc           0%         N/A       100%        6


Dungeon Overview and Level Annotations

Branches:
Dungeon (4/15)
 Temple: D:4-7

Altars:

Shops:
D:4 [

Annotations:
D:4 Ijyb


Innate Abilities, Weirdness & Mutations

A demonic guardian rushes to your aid.


Message History

Ijyb closely misses you. The grasping roots constrict you.
* * * LOW HITPOINT WARNING * * *
Ijyb hits you but does no damage. The grasping roots constrict you.
* * * LOW HITPOINT WARNING * * *
A demonic guardian appears!
The grasping roots release their grip on you.
It was a potion of curing.
You feel better.
Ijyb zaps a wand.
The roots erupt in riotous growth!
The grasping roots grab you!
Ijyb is unaffected.
The grasping roots constrict you.
* * * LOW HITPOINT WARNING * * *
A kobold comes into view. It is wielding a +0 dagger.
You hear an angry hiss. x2
You barely miss Ijyb.
Ijyb is heavily wounded.
Ijyb hits you with a +0 club.
* * * LOW HITPOINT WARNING * * *
The grasping roots constrict you.
* * * LOW HITPOINT WARNING * * *
The grasping roots release their grip on you.
You barely miss Ijyb.
Ijyb is heavily wounded.
Ijyb hits you but does no damage.
You slash Ijyb!
Ijyb is almost dead.
Ijyb closely misses you.
The kobold hits your rust devil with a +0 dagger.
Ijyb zaps a wand.
The roots erupt in riotous growth!
The grasping roots grab you!
Ijyb is unaffected.
Roots grab your rust devil.
The grasping roots constrict your rust devil.
The grasping roots constrict you.
* * * LOW HITPOINT WARNING * * *
You hit Ijyb but do no damage.
Ijyb is almost dead.
Ijyb closely misses you.
The grasping roots constrict your rust devil.
The grasping roots constrict you.
You die...

#. #. #.## #... #..##
... #g# # #@# .#
###############4#..##..
#...............K......
#.###########.###......
#.# #.# ...... #.# #.#
...:. ##.# #.# ###..
...# #.# . ...# #.#


You could see Ijyb (ally target), a kobold and a friendly rust devil (summoned,
rooted).

Vanquished Creatures
  An orc priest (D:3)
  A gnoll (D:2)
  2 adders
  2 worms
  2 dart slugs
  3 orcs (D:3)
  4 ball pythons
  8 endoplasms
  3 giant cockroaches
  9 goblins
  4 hobgoblins
  6 jackals (D:1)
  4 kobolds
  5 quokkas
  5 bats
  5 frilled lizards
  4 rats
68 creatures vanquished.

Vanquished Creatures (collateral kills)
  Terence (D:3)
  3 gnolls (D:2)
  A ball python (D:2)
  A hobgoblin (D:1)
6 creatures vanquished.

Grand Total: 74 creatures vanquished

Notes
Turn   | Place    | Note
-------+----------+-------------------------------------------
     0 | D:1      | innerfire43 the Demonspawn Monk began the quest for the
                  | Orb.
     0 | D:1      | Reached XP level 1. HP: 18/18 MP: 1/1
    51 | D:1      | Gained mutation: A weak demonic guardian rushes to your
                  | aid. [demonic ancestry]
    51 | D:1      | Reached XP level 2. HP: 16/24 MP: 2/2
   494 | D:1      | Reached XP level 3. HP: 24/29 MP: 3/3
  1091 | D:2      | Gained mutation: A demonic guardian rushes to your aid.
                  | [demonic ancestry]
  1091 | D:2      | Reached XP level 4. HP: 12/37 MP: 4/4
  1581 | D:3      | Reached skill level 4 in Fighting
  1649 | D:3      | Reached XP level 5. HP: 4/42 MP: 5/5
  1898 | D:3      | Noticed Terence
  1907 | D:3      | Killed Terence
  2444 | D:3      | Identified a scroll of acquirement
  2444 | D:3      | Acquired a +0 pair of gloves of infusion
  2558 | D:4      | Found Junwutirr's Armour Shoppe.
  2630 | D:4      | Noticed Ijyb
  2644 | D:4      | HP: 2/43 [constriction (4)]
  2645 | D:4      | Constricted to death by Ijyb

Illustrated notes

Levels and vault maps discovered:
D:1:      dpeg_arrival_castle, layout_basic, serial_forest,
          infiniplex_forest_straight_2, infiniplex_forest_straight_3,
          infiniplex_forest_clump_double, infiniplex_forest_lined_1,
          infiniplex_forest_clump_small, infiniplex_forest_straight_2,
          infiniplex_forest_lined_3_way
D:2:      layout_rooms
D:3:      layout_basic, general_overflow_altar, uniq_terence
D:4:      minmay_chambers_of_fours, layout_loops_ring, gup_sewer_entry_pipe,
          serial_shops, shop, uniq_ijyb

Skill      XL: |  1  2  3  4 |
---------------+-------------+-----
Axes           | 3 |  3.9
Dodging        | 3 |  3.9
Fighting       | 4 |  4.3

Action                     |  1- 3 |  4- 6 || total
---------------------------+-------+-------++-------
  Melee: Hand axe          |    86 |    37 ||   123
         War axe           |       |    60 ||    60
  Throw: Javelin           |     2 |       ||     2
    Use: Scroll            |       |     5 ||     5
         Potion            |       |     1 ||     1
   Stab: Distracted        |     1 |       ||     1
 Armour: Robe              |    22 |    27 ||    49
  Dodge: Dodged            |    77 |    58 ||   135

Table legend: (Time is in decaauts)
 A = Elapsed time spent in this place.
 B = Non-inter-level travel time spent in this place.
 C = Inter-level travel time spent in this place.
 D = Time resting spent in this place.
 E = Time spent auto-exploring this place.
 F = Levels seen in this place.
 G = Mean time per level.
                   A        B        C        D        E       F      G
               +--------+--------+--------+--------+--------+-----+--------+
         Total |   2684 |   2646 |     38 |      0 |   2178 |   4 |  671.0 |
       Dungeon |   2684 |   2646 |     38 |      0 |   2178 |   4 |  671.0 |
               +--------+--------+--------+--------+--------+-----+--------+

Top non-repeatable levels by time:
     D:1: 987 daAuts
     D:3: 971 daAuts
     D:2: 554 daAuts
     D:4: 169 daAuts
